 Dungeon Crawl Stone Soup version 0.26.0-9-gab577f9fc5 (webtiles) character file.

Game seed: 10102417832781585214

50 Marvel the Grave Robber (level 3, -2/24 HPs)
             Began as a Mummy Necromancer on Jan 13, 2021.
             Killed from afar by Sigmund (9 damage)
             ... with a magic dart
             ... on level 2 of the Dungeon.
             The game lasted 00:03:26 (1650 turns).

Marvel the Grave Robber (Mummy Necromancer)         Turns: 1650, Time: 00:03:27

Health: -2/24      AC:  2    Str: 11    XL:     3   Next: 55%
Magic:  0/7        EV: 13    Int: 15    God:
Gold:   35         SH:  0    Dex: 18    Spells: 3/8 levels left

rFire    x . .     SeeInvis .   b - +0 short sword (drain)
rCold    + . .     Faith    .   (no shield)
rNeg     + + +     Spirit   +   a - +0 robe
rPois    ∞         Reflect  .   (no helmet)
rElec    .         Harm     .   (no cloak)
rCorr    .         Rampage  .   (no gloves)
Will     .....                  (no boots)
Stlth    ++........             c - amulet of guardian spirit
HPRegen  0.08/turn              e - +6 ring of dexterity
MPRegen  0.10/turn              (no ring)

@: no status effects
A: no potions, fire vulnerability, cold resistance 1, negative energy resistance
3, torment resistance, unbreathing
a: no special abilities


You were on level 2 of the Dungeon.
You visited 1 branch of the dungeon, and saw 2 of its levels.

You collected 35 gold pieces.

Inventory:

Hand Weapons
 b - a +0 short sword of draining (weapon)
Armour
 a - a +0 robe (worn)
Jewellery
 c - an amulet of guardian spirit (around neck)
 e - a +6 ring of dexterity (left hand)
Scrolls
 d - a scroll of amnesia {unknown}
 f - a scroll of blinking {unknown}


   Skills:
 - Level 0.3 Fighting
 - Level 0.1 Short Blades
 + Level 2.1 Dodging
 - Level 1.6 Stealth
 + Level 3.3 Spellcasting
 + Level 4.6 Necromancy


You had 3 spell levels left.
You knew the following spells:

 Your Spells              Type           Power        Failure   Level
a - Pain                  Necr           64%          3%          1
b - Animate Skeleton      Necr           32%          3%          1
c - Vampiric Draining     Necr           8%           9%          3

Your spell library contained the following spells:

 Spells                   Type           Power        Failure   Level
 Animate Dead             Necr           8%           28%         4
 Agony                    Necr           16%          63%         5


Dungeon Overview and Level Annotations

Branches:
Dungeon (2/15)

Altars:

Annotations:
D:2 Sigmund


Innate Abilities, Weirdness & Mutations

You do not drink.
Your flesh is vulnerable to fire.
You are immune to poison.
Your flesh is cold resistant. (rC+)
You are immune to negative energy. (rN+++)
You are immune to unholy pain and torment.
You can survive without breathing.


Message History

The giant cockroach bites you. The frilled lizard barely misses you.
The goblin completely misses you. The giant cockroach closely misses you.
You hit the goblin.
You kill the goblin!
The frilled lizard misses you. Something hits you!
The giant cockroach misses you.
You hit the frilled lizard.
You kill the frilled lizard!
The giant cockroach closely misses you. Something hits you.
You hit the giant cockroach. You drain the giant cockroach.
You kill the giant cockroach!
Something hits you!
* * * LOW HITPOINT WARNING * * *
You see here a fuming silvery potion.
You see here a trident.
Sigmund appears from thin air!
Reactivating autopickup.
Sigmund gestures at you while chanting. The magic dart hits you!
You die...

####...###.###..#
............###.#
###...####..# #.#
###.†.......#
#.########
......#####.#
#.@.......
###.#######.#
#>......(# #
#[...#....#
##.#####.# #
####.#.#### #.# #
#.#)#######@# #
#...........# #
###.#######.#
########.# ###
.........#
##########


You could see Sigmund.

Vanquished Creatures
  An adder (D:2)
  A worm (D:2)
  A dart slug (D:1)
  A leopard gecko (D:2)
  4 bats
  5 giant cockroaches
  2 goblins
  A hobgoblin (D:1)
  2 jackals (D:1)
  3 frilled lizards
  3 kobolds
  6 rats (D:1)
30 creatures vanquished.

Vanquished Creatures (collateral kills)
  A leopard gecko (D:1)
  A bat (D:2)
  A kobold (D:1)
  A rat (D:2)
4 creatures vanquished.

Grand Total: 34 creatures vanquished

Notes
Turn   | Place    | Note
-------+----------+-------------------------------------------
     0 | D:1      | Marvel the Mummy Necromancer began the quest for the Orb.
     0 | D:1      | Reached XP level 1. HP: 13/13 MP: 4/4
   251 | D:1      | Reached XP level 2. HP: 19/19 MP: 5/5
   254 | D:1      | Learned a level 1 spell: Animate Skeleton
  1109 | D:2      | Reached XP level 3. HP: 23/24 MP: 7/7
  1591 | D:2      | Learned a level 3 spell: Vampiric Draining
  1619 | D:2      | Noticed Sigmund
  1650 | D:2      | Killed from afar by Sigmund

Illustrated notes

Levels and vault maps discovered:
D:1:      sevenhm_arrival_forest_fort_large_2, layout_basic
D:2:      layout_basic, pdpol_temple_overflow_zin_treasury_gozag_greed,
          grunt_temple_overflow_open, chequers_garden, uniq_crazy_yiuf_cottage,
          uniq_sigmund

Skill      XL: |  1  2  3 |
---------------+----------+-----
Spellcasting   | 3 |  3.3
Dodging        | 2 |  2.1
Fighting       | |  0.3
Short Blades   | |  0.1
Stealth        | |  1.6
Necromancy     | |  4.6

Action                   || total
-------------------------++-------
Melee: Unarmed           ||     7
       Short sword       ||    66
 Cast: Pain              ||    11
       Animate Skeleton  ||     5
 Stab: Sleeping          ||     4
Armor: Robe              ||    22
Dodge: Dodged            ||    64
